 Dungeon Crawl Stone Soup version 0.31.0-32-g396128a36d (webtiles) character file.

Game seed: 8183999382991122586

6230 TacoSundae the Grappler (level 10, -1/51 HPs)
             Began as a Vine Stalker Shapeshifter on Apr 9, 2024.
             Was a Believer of Dithmenos.
             Killed from afar by an electric eel (10 damage)
             ... with a bolt of electricity
             ... on level 10 of the Dungeon.
             The game lasted 00:21:48 (7052 turns).

TacoSundae the Grappler (Vine Stalker Shapeshifter) Turns: 7052, Time: 00:21:50

Health: -1/51      AC:  5    Str: 21    XL:     10   Next: 92%
Magic:  0/11       EV: 15    Int: 10    God:    Dithmenos [**....]
Gold:   450        SH:  0    Dex: 20    Spells: 9/9 levels left

rFire   . .          .
                       - Unarmed
rCold   . . .        (no shield)
rNeg    . . .        B - +0 steam dragon scales
rPois   .            (helmet currently unavailable)
rElec   .            (cloak currently unavailable)
rCorr   .            (gloves currently unavailable)
SInv    .            (boots currently unavailable)
Will    +....        t - amulet of the acrobat
Stlth   ++           h - +6 ring of dexterity
HPRegen 1.08/turn    (no ring)
MPRegen 0.12/turn

%: acrobat, guardian spirit
@: about to teleport, beast-form, wreathed by umbra
A: beast (slay +4), fangs 3, regeneration 1, magic shield, antimagic bite, no
potion heal 2
a: Begin Untransformation, Renounce Religion, Shadow Step


You were on level 10 of the Dungeon.
You worshipped Dithmenos.
Dithmenos was pleased with you.
You were a hulking beast.
You visited 2 branches of the dungeon, and saw 11 of its levels.
You also visited: Sewer.

You collected 450 gold pieces.

Inventory:

Missiles
 a - a throwing net
 e - 3 curare-tipped darts
 k - 16 poisoned darts (quivered)
Armour
 B - +0 steam dragon scales (worn)
Jewellery
 h - a +6 ring of dexterity (left hand)
 j - an amulet of magic regeneration
 q - a ring of see invisible
 t - an amulet of the acrobat (around neck)
 E - an amulet of regeneration
Talismans
 c - a beast talisman
 d - a flux talisman
 w - a serpent talisman
 A - the flux talisman of the Transmuting Gods {rElec rC- Will+}
   (You found it on level 7 of the Dungeon)

   [flux talisman]

   rC-:       It makes you vulnerable to cold.
   rElec:     It insulates you from electricity.
   Will+:     It increases your willpower.
Wands
 m - a wand of charming (6)
 v - a wand of acid (9)
 y - a wand of roots (13)
Scrolls
 g - 2 scrolls of enchant armour
 n - 2 scrolls of enchant weapon
 o - 2 scrolls of teleportation
 r - 2 scrolls of amnesia
 C - a scroll of identify
Potions
 b - 9 potions of enlightenment
 f - 3 potions of curing
 i - a potion of might
 l - a potion of attraction
 p - 3 potions of haste
 s - a potion of berserk rage
 u - 2 potions of resistance
 x - a potion of mutation
 z - 2 potions of lignification
 D - a potion of brilliance


   Skills:
 + Level 4.9 Fighting
 + Level 4.7 Dodging
 * Level 11.2 Unarmed Combat
 + Level 9.2 Shapeshifting


You had 9 spell levels left.
You didn't know any spells.
Your spell library was empty.

Dungeon Overview and Level Annotations

Branches:
Dungeon (10/15)            Temple (1/1) D:6            Lair (0/5) D:8
  Sewer (visited)
    Orc: D:9-12

Altars:
Ashenzari
Cheibriados
Dithmenos
Elyvilon
Fedhas
Gozag
Hepliaklqana
Kikubaaqudgha
Makhleb
Nemelex Xobeh
Okawaru
Qazlal
Ru
Sif Muna
Trog
Uskayaw
Vehumet
Wu Jian
Xom
Yredelemnul
Zin
The Shining One


Innate Abilities, Weirdness & Mutations

You are a hulking beast.
Your limbs bulge with bestial killing power. (Slay +4)
You have razor-sharp teeth.
Your natural rate of healing is unusually fast.
When hurt, damage is shared between your health and your magic reserves.
Your bite disrupts and absorbs the magic of your enemies.
Potions cannot restore your health.


Message History

The electric eel shoots out a bolt of lightning at you!
The bolt of electricity hits the electric eel.
The electric eel completely resists.
The bolt of electricity hits you!
You closely miss the electric eel.
An electric eel comes into view.
The electric eel shoots out a bolt of lightning at you!
The bolt of electricity hits you!
You closely miss the electric eel. You barely miss the electric eel.
You punch the electric eel!
The electric eel is heavily wounded.
The electric eel shoots out a bolt of lightning at you!
The bolt of electricity hits the electric eel.
The electric eel completely resists.
The bolt of electricity hits the electric eel.
The electric eel completely resists.
The bolt of electricity hits you!
The electric eel shoots out a bolt of lightning at you!
The bolt of electricity misses you.
As you read the scroll of teleportation, it crumbles to dust.
You feel strangely unstable.
The electric eel shoots out a bolt of lightning at you!
The bolt of electricity hits the electric eel.
The electric eel completely resists.
The bolt of electricity misses you.
Unknown command.
You hit the electric eel. You punch the electric eel!
Your bite misses the electric eel.
The electric eel is almost dead.
The electric eel shoots out a bolt of lightning at you!
The bolt of electricity hits you!
The electric eel shoots out a bolt of lightning at you!
The bolt of electricity hits the electric eel.
The electric eel completely resists.
The bolt of electricity hits you!
* * * LOW HITPOINT WARNING * * *
You pummel the electric eel!!
You kill the electric eel!
Dithmenos accepts your kill.
You hear a splash.
The electric eel shoots out a bolt of lightning at you!
The bolt of electricity hits you!
You die...

.$....~≈≈≈≈≈≈~≈≈~~≈≈≈
........~~≈≈≈≈≈≈≈≈~...≈~
.......~≈≈≈~≈≈≈~~#.#...~
....~~≈≈≈≈~~.~~..#.####.
##.~≈≈≈≈≈~~......#.####.
≈S≈≈≈≈≈≈≈≈...........##.
≈≈≈≈≈≈S~≈........#.#..#.
≈≈≈~~~†~.........#.##..>
~..#h.........#.#####
#..........#.#
############.# #####.#
#.....# #.##### #.#
#.######### #..........


You could see 2 electric eels.

Vanquished Creatures
  An elephant (D:8)
  The ghost of Consumeair16 the Grave Robber, a novice KoNe (D:5)
  Sigmund (D:4)
  A vampire (D:10)
  A wraith (D:9)
  11 yaks
  2 steam dragons
  Edmund (D:4)
  A water moccasin (D:8)
  An orc warrior (D:9)
  An ice beast (D:7)
  2 black bears (D:8)
  A sky beast (D:7)
  3 ogres
  A centaur (D:10)
  2 phantoms
  A kobold brigand (Sewer)
  A gnoll sergeant (D:7)
  3 bullfrogs
  4 scorpions
  7 wights (D:6)
  5 killer bees (D:9)
  A howler monkey (D:4)
  3 electric eels (D:10)
  4 jellies (D:6)
  3 orc priests (D:7)
  A bombardier beetle (D:4)
  3 hounds
  4 iguanas
  A sleepcap (D:6)
  5 orc wizards
  Natasha (twice) (D:3)
  5 gnolls
  9 adders
  3 river rats (Sewer)
  A white imp (D:5)
  4 ufetubi
  3 dart slugs
  5 ribbon worms
  18 orcs
  7 endoplasms
  8 giant cockroaches
  5 goblins
  6 hobgoblins
  4 jackals
  8 kobolds
  5 quokkas
  6 ball pythons
  4 bats
  3 frilled lizards
  7 rats
190 creatures vanquished.

Vanquished Creatures (collateral kills)
  3 kobolds (Sewer)
3 creatures vanquished.

Grand Total: 193 creatures vanquished

Notes
Turn   | Place    | Note
-------+----------+-------------------------------------------
     0 | D:1      | TacoSundae the Vine Stalker Shapeshifter began the quest
                  | for the Orb.
     0 | D:1      | Reached XP level 1. HP: 9/9 MP: 2/2
    69 | D:1      | Reached XP level 2. HP: 14/14 MP: 3/3
   533 | D:2      | Reached XP level 3. HP: 17/17 MP: 4/4
   947 | D:2      | Reached skill level 4 in Unarmed Combat
   947 | D:2      | Reached XP level 4. HP: 21/21 MP: 5/5
  1172 | D:3      | Noticed Natasha
  1269 | D:3      | Found a glowing drain.
  1319 | Sewer    | Entered a sewer
  1400 | Sewer    | Noticed a kobold brigand
  1431 | Sewer    | Killed a kobold brigand
  1432 | Sewer    | Reached XP level 5. HP: 11/25 MP: 3/6
  1476 | Sewer    | Found a white marble altar of Elyvilon.
  1686 | D:3      | Killed Natasha
  1775 | D:3      | Reached skill level 5 in Unarmed Combat
  1777 | D:3      | Reached XP level 6. HP: 29/29 MP: 7/7
  1836 | D:3      | Noticed Natasha
  1843 | D:3      | Killed Natasha
  1962 | D:4      | Noticed Edmund
  1979 | D:4      | Killed Edmund
  1980 | D:4      | Reached skill level 5 in Shapeshifting
  2172 | D:4      | Reached XP level 7. HP: 25/32 MP: 5/8
  2228 | D:4      | Noticed Sigmund
  2234 | D:4      | Killed Sigmund
  2235 | D:4      | Reached skill level 6 in Unarmed Combat
  2698 | D:5      | Entered Level 5 of the Dungeon
  2698 | D:5      | Noticed Consumeair16's ghost (novice KoNe)
  2698 | D:5      | Found a runed translucent door.
  2867 | D:5      | Gained mutation: You have razor-sharp teeth. [Vine Stalker
                  | growth]
  2867 | D:5      | Reached XP level 8. HP: 33/37 MP: 6/9
  2907 | D:5      | Reached skill level 7 in Unarmed Combat
  3449 | D:5      | Killed Consumeair16's ghost
  3450 | D:5      | Reached skill level 8 in Unarmed Combat
  3612 | D:6      | Found a hide-covered altar of Uskayaw.
  3622 | D:6      | Reached skill level 1 in Fighting
  3677 | D:6      | Reached XP level 9. HP: 41/41 MP: 8/10
  3980 | D:6      | Found a basalt altar of Yredelemnul.
  4019 | D:6      | Found a staircase to the Ecumenical Temple.
  4061 | D:6      | Reached skill level 9 in Unarmed Combat
  4084 | Temple   | Entered the Ecumenical Temple
  4094 | Temple   | Became a worshipper of Dithmenos the Shadowed
  4570 | D:7      | Identified the staff of Ben Enka {rF+ rN+ Fire}
  4701 | D:7      | Identified the flux talisman of the Transmuting Gods {rElec
                  | rC- Will+}
  4717 | D:7      | Reached * piety under Dithmenos
  5239 | D:8      | Reached XP level 10. HP: 41/49 MP: 11/11
  5243 | D:8      | Reached skill level 10 in Unarmed Combat
  5306 | D:8      | Found a staircase to the Lair.
  5308 | D:8      | Noticed an elephant
  5325 | D:8      | Killed an elephant
  6740 | D:10     | Entered Level 10 of the Dungeon
  6742 | D:10     | Found a hazy altar of Hepliaklqana.
  6756 | D:10     | Reached skill level 11 in Unarmed Combat
  6764 | D:10     | Found a sacrificial altar of Ru.
  6767 | D:10     | Found an iron altar of Okawaru.
  6817 | D:10     | Found a blossoming altar of Fedhas.
  6905 | D:10     | Reached ** piety under Dithmenos
  7052 | D:10     | Killed from afar by an electric eel

Illustrated notes

Levels and vault maps discovered:
D:1:      amcnicky_arrival_single_pillar, layout_basic
D:2:      wander_river, layout_basic
D:3:      layout_basic, gup_sewer_entry_pipe, uniq_natasha
D:4:      layout_basic, sigmund_edmund_badplayer
D:5:      layout_basic, hellmonk_ghost_happy_afterlife, uniq_sigmund
D:6:      layout_basic, mainiacjoe_overflow_large_starburst,
          minmay_temple_entry_stoned_glass
D:7:      layout_rooms, nicolae_houndstooth_variations
D:8:      layout_basic, david_lair_generic
D:9:      layout_loops_corners
D:10:     layout_basic, nicolae_overflow_crystal_walls,
          grunt_temple_overflow_open, fedhas_bush_and_centaur_altar,
          minmay_orc_entry_temple_small, serial_shops, shop, worms_lemuel
Temple:   nicolae_temple_x_marks_the_god

Skill      XL: |  1  2  3  4  5  6  7  8  9 10 |
---------------+-------------------------------+-----
Unarmed Combat | 4 5 6 8 9 11 | 11.2
Shapeshifting  | 4 5 6 7 8 9 |  9.2
Fighting       | 1 3 4 |  4.9
Dodging        | 3 4 |  4.7

Action                     |  1- 3 |  4- 6 |  7- 9 | 10-12 || total
---------------------------+-------+-------+-------+-------++-------
  Melee: Unarmed           |    74 |   109 |   200 |   141 ||   524
         Bite              |    15 |    22 |    56 |    46 ||   139
         Punch             |     4 |     3 |    16 |    10 ||    33
  Throw: Dart              |       |       |     9 |       ||     9
  Evoke: Wand              |       |     1 |       |       ||     1
    Use: Potion            |       |     1 |     1 |     1 ||     3
         Scroll            |       |     1 |     9 |     7 ||    17
   Stab: Sleeping          |     1 |       |       |     1 ||     2
         Betrayed ally     |       |     1 |       |       ||     1
         Invisible         |       |       |     2 |       ||     2
 Armour: Animal skin       |    24 |    29 |       |       ||    53
         Skin              |       |     6 |       |       ||     6
         Ring mail         |       |    10 |    84 |     6 ||   100
         Steam dragon scal |       |       |       |    51 ||    51
  Dodge: Dodged            |    33 |    50 |    93 |    83 ||   259
